 Dungeon Crawl Stone Soup version 0.28-a0-779-g3d1f99b579 (webtiles) character file.

Game seed: 11137803762741559456

59 ytrimaz the Conjurer (level 4, -2/27 HPs)
             Began as an Octopode Conjurer on Nov 2, 2021.
             Slain by a quokka (5 damage)
             ... on level 2 of the Dungeon.
             The game lasted 00:01:25 (1588 turns).

ytrimaz the Conjurer (Octopode Conjurer)            Turns: 1588, Time: 00:01:26

Health: -2/27      AC:  1    Str:  6    XL:     4   Next: 3%
Magic:  2/7        EV: 13    Int: 21    God:
Gold:   36         SH:  0    Dex: 10    Spells: 6/7 levels left

rFire   + . .      SeeInvis .   (no weapon)
rCold   x . .      Faith    .   (no shield)
rNeg    . . .      Spirit   .   (helmet restricted)
rPois   .          Reflect  .   (no amulet)
rElec   .          Harm     .   c - ring of fire
rCorr   .          Rampage  .   (no ring)
Will    .....                   (no ring)
Stlth   +++.......              (no ring)
HPRegen 0.09/turn               (no ring)
MPRegen 0.10/turn               (no ring)
                                (no ring)
                                (no ring)

@: brilliant, attractive, hasted, very quick
A: almost no armour, amphibious, 8 rings, camouflage 1, gelatinous body 1,
(nimble swimmer 1), tentacles
a: no special abilities


You were on level 2 of the Dungeon.
You visited 1 branch of the dungeon, and saw 2 of its levels.

You collected 36 gold pieces.

Inventory:

Jewellery
 c - a ring of fire (left tentacle)
Scrolls
 b - a scroll of teleportation {unknown}
 d - 2 scrolls of torment {unknown}
 e - a scroll of brand weapon {unknown}
 h - a scroll of fear {unknown}


   Skills:
 * Level 2.5 Dodging
 - Level 2.6 Stealth
 + Level 2.3 Spellcasting
 + Level 5.0 Conjurations


You had 6 spell levels left.
You knew the following spells:

 Your Spells              Type           Power      Damage    Failure   Level
a - Magic Dart            Conj           100%       1d8       1%          1

Your spell library contained the following spells:

 Spells                   Type           Power      Damage    Failure   Level
 Searing Ray              Conj           70%        2d7       2%          2
 Dazzling Flash           Conj/Hex       38%        N/A       16%         3
 Fulminant Prism          Conj/Hex       9%         3d7       45%         4
 Iskenderun's Mystic Bla  Conj/Tloc      19%        2d6       45%         4


Dungeon Overview and Level Annotations

Branches:
Dungeon (2/15)

Altars:


Innate Abilities, Weirdness & Mutations

You cannot wear most types of armour.
You are amphibious.
You can wear up to eight rings at the same time.
Your skin changes colour to match your surroundings (Stealth+).
Your rubbery body absorbs attacks. (AC +1, EV +1)
((You are camouflaged near water. (Stealth+)))
You have tentacles for arms and can constrict up to eight enemies at once.


Message History

You have reached level 4!
You barely miss the kobold. Your grab misses the kobold.
The kobold hits you with a +0 dagger.
You barely miss the kobold. You grab the kobold. You constrict the kobold.
The kobold hits you but does no damage.
You tentacle-slap the kobold but do no damage.
The kobold is moderately wounded.
You constrict the kobold. The kobold hits you with a +0 dagger.
You tentacle-slap the kobold but do no damage.
The kobold is severely wounded.
You constrict the kobold, but do no damage.
The kobold barely misses you.
You tentacle-slap the kobold but do no damage.
You squeeze the kobold.
You kill the kobold!
You closely miss the kobold. Your grab misses the kobold.
The kobold completely misses you.
You tentacle-slap the kobold but do no damage.
Your grab misses the kobold. Your squeeze misses the kobold.
The kobold barely misses you.
You closely miss the kobold. You grab the kobold. You constrict the kobold.
The kobold hits you with a +0 short sword.
* * * LOW HITPOINT WARNING * * *
You barely miss the kobold.
The kobold is moderately wounded.
You constrict the kobold.
The kobold hits you with a +0 short sword.
* * * LOW HITPOINT WARNING * * *
Unknown command.
Unknown command.
It was a potion of attraction.
You feel attractive to monsters.
You constrict the kobold.
You kill the kobold!
It was a potion of haste.
You feel yourself speed up. The quokka closely misses you.
It was a potion of brilliance.
You feel clever all of a sudden. The quokka bites you.
You die...

#### .... #### .. ##.#
## ##...# ### .## ......
+###.##..# ..#
#@'...#..# .##
#..Jr###†##.# ##
#!..?g#.#'#..#
#########.#..$(.#.....##
..........#....[#....##
.....### ##(..##.##.###
####.## #####.##....#
#..## ..........# ##..#
######....#


You could see an endoplasm, a quokka and a hobgoblin.

Vanquished Creatures
  A gnoll (D:1)
  An adder (D:2)
  2 worms (D:2)
  A dart slug (D:1)
  An endoplasm (D:1)
  A giant cockroach (D:1)
  8 hobgoblins
  3 kobolds
  A quokka (D:2)
  3 ball pythons
  9 bats
  2 rats (D:1)
33 creatures vanquished.

Notes
Turn   | Place    | Note
-------+----------+-------------------------------------------
     0 | D:1      | ytrimaz the Octopode Conjurer began the quest for the Orb.
     0 | D:1      | Reached XP level 1. HP: 11/11 MP: 3/3
   174 | D:1      | Reached XP level 2. HP: 17/17 MP: 0/5
   386 | D:1      | Reached XP level 3. HP: 17/21 MP: 1/6
  1571 | D:2      | Reached skill level 5 in Conjurations
  1577 | D:2      | Reached XP level 4. HP: 12/27 MP: 1/7
  1588 | D:2      | Slain by a quokka

Illustrated notes

Levels and vault maps discovered:
D:1:      tarquinn_simple_flora_water_f, layout_basic, minmay_hexomino_c4
D:2:      layout_rooms, minmay_joined_circles, uniq_robin

Skill      XL: |  1  2  3 |
---------------+----------+-----
Conjurations   | 5 |  5.0
Dodging        | |  2.5
Stealth        | |  2.6
Spellcasting   | |  2.3

Action                   |  1- 3 |  4- 6 || total
-------------------------+-------+-------++-------
Melee: Unarmed           |    18 |     9 ||    27
       Tentacles         |     4 |     1 ||     5
       Constrict         |     4 |     2 ||     6
 Cast: Magic Dart        |    62 |       ||    62
  Use: Potion            |       |     3 ||     3
Armor: Skin              |     6 |     1 ||     7
Dodge: Dodged            |    22 |     4 ||    26

Table legend: (Time is in decaauts)
 A = Elapsed time spent in this place.
 B = Non-inter-level travel time spent in this place.
 C = Inter-level travel time spent in this place.
 D = Time resting spent in this place.
 E = Time spent auto-exploring this place.
 F = Levels seen in this place.
 G = Mean time per level.
                   A        B        C        D        E       F      G
               +--------+--------+--------+--------+--------+-----+--------+
         Total |   1587 |   1574 |     13 |     12 |   1366 |   2 |  793.5 |
       Dungeon |   1587 |   1574 |     13 |     12 |   1366 |   2 |  793.5 |
               +--------+--------+--------+--------+--------+-----+--------+

Top non-repeatable levels by time:
     D:1: 1297 daAuts
     D:2: 289 daAuts
